 Dungeon Crawl Stone Soup version 0.21.0-3-g78d12a8 (webtiles) character file.

835 Television the Insei (level 7, -7/55 HPs)
             Began as a Demigod Transmuter on Jan 15, 2018.
             Mangled by a centaur (8 damage)
             ... on level 6 of the Dungeon on Jan 16, 2018.
             The game lasted 00:10:40 (5342 turns).

Television the Insei (Demigod Transmuter)           Turns: 5342, Time: 00:10:40

Health: -7/55      AC:  2    Str: 15    XL:     7   Next: 39%
Magic:  10/12      EV: 19    Int: 19    God:
Gold:   203        SH:  0    Dex: 21    Spells: 3/9 levels left

rFire    . . .     SeeInvis .     - Unarmed
rCold    + . .     Gourm    .   (shield currently unavailable)
rNeg     . . .     Faith    .   (armour currently unavailable)
rPois    x         Spirit   .   (helmet currently unavailable)
rElec    .         Reflect  .   (cloak currently unavailable)
rCorr    .         Harm     .   (gloves currently unavailable)
MR       .....                  (boots currently unavailable)
Stlth    +++.......             (no amulet)
HPRegen  0.18/turn              u - ring of protection from cold
MPRegen  0.13/turn              k - ring of stealth

@: spider-form (expiring)
A: tiny, high mp 1
a: End Transformation


You were on level 6 of the Dungeon.
You were not hungry.
You were a venomous arachnid creature.
You visited 1 branch of the dungeon, and saw 6 of its levels.

You collected 203 gold pieces.

Inventory:

Missiles
 a - 43 arrows
 g - 10 tomahawks (quivered)
Armour
 b - a +0 robe (melded)
 m - a +0 pair of gloves (melded)
Magical Staves
 v - an uncursed staff of fire {unknown}
Jewellery
 f - an uncursed ring of positive energy
 k - a ring of stealth (right front leg)
 q - an uncursed ring of positive energy
 u - a ring of protection from cold (left front leg)
Wands
 s - a wand of polymorph (9)
Scrolls
 e - 2 scrolls of remove curse
 h - a scroll of enchant weapon {unknown}
 j - a scroll of fog {unknown}
 l - 3 scrolls of immolation {unknown}
 t - a scroll of random uselessness {unknown}
 w - a scroll of teleportation {unknown}
Potions
 i - a potion of curing {unknown}
 n - a potion of heal wounds
 o - a potion of lignification
 p - 2 potions of haste {unknown}
 r - a potion of brilliance
 x - a potion of invisibility {unknown}
 z - a potion of mutation {unknown}
Books
 c - a book of Changes

   Spells                             Type                      Level
   a - Beastly Appendage              Transmutation                1
   b - Sticks to Snakes               Transmutation                2
   c - Spider Form                    Transmutation/Poison         3
   d - Ice Form                       Ice/Transmutation            4
   e - Blade Hands                    Transmutation                5
Comestibles
 d - 6 rations
 A - 3 chunks of flesh


   Skills:
 - Level 2.1 Fighting
 - Level 1.7 Dodging
 * Level 6.4 Unarmed Combat
 - Level 1.7 Spellcasting
 * Level 5.1 Transmutations


You had 3 spell levels left.
You knew the following spells:

 Your Spells              Type           Power        Failure   Level  Hunger
a - Beastly Appendage     Tmut           ###...       8%          1    #......
b - Sticks to Snakes      Tmut           ###.....     11%         2    ###....
c - Spider Form           Tmut/Pois      ##........   38%         3    ###....


Dungeon Overview and Level Annotations

Branches:
Dungeon (6/15)
 Temple: D:4-7

Annotations:
D:2 Robin
D:4 Ymberto's ghost, amateur MiFi


Innate Abilities, Weirdness & Mutations

You have an increased reservoir of magic. (+10% MP)


Message History

The bullfrog hits you.
* * * LOW HITPOINT WARNING * * *
The bullfrog completely misses you.
A shadow imp comes into view.
You hit the bullfrog but do no damage.
The bullfrog looks as sick as possible!
The bullfrog is heavily wounded.
Your transformation is almost over.
The bullfrog misses you.
The centaur shoots an arrow.
The arrow hits you!
* * * LOW HITPOINT WARNING * * *
You barely miss the bullfrog.
The bullfrog is severely wounded.
The bullfrog misses you.
The centaur shoots an arrow.
The arrow barely misses you.
Unknown command.
The bullfrog hits you.
* * * LOW HITPOINT WARNING * * *
The bullfrog barely misses you.
The centaur unwields an uncursed shortbow.
The centaur hits you!
You die...

## ..# ..#
##########.##.#
#.......(..##.#
#..........##.#
#..........##.####
#....s([..........
#....Fc......#.###
#.....%......#..<# #
#..........#.#.###.#
............#...)...#
...5.........#...#####
.............#..>...
.......###########.##
...... ...


You could see a bullfrog, a centaur and a shadow imp.

Vanquished Creatures
  An ice beast (D:5)
  An ogre (D:5)
  A centaur (D:5)
  A wyvern skeleton (D:6)
  A scorpion (D:5)
  A jelly (D:5)
  A bullfrog zombie (D:5)
  3 orc priests
  A hound (D:5)
  2 bullfrog skeletons (D:4)
  2 orc wizards (D:5)
  A worker ant (D:5)
  A hound zombie (D:5)
  7 adders
  A shadow imp (D:5)
  2 worms (D:4)
  6 leopard geckos
  8 orcs
  A ball python (D:3)
  4 giant cockroaches
  3 hobgoblins
  8 jackals
  6 kobolds
  4 bats
  A frilled lizard (D:3)
  5 goblins
  A quokka skeleton (D:5)
  8 rats
82 creatures vanquished.

Vanquished Creatures (collateral kills)
  An adder (D:3)
  An orc (D:4)
2 creatures vanquished.

Vanquished Creatures (others)
  5 toadstools (D:2)
5 creatures vanquished.

Grand Total: 89 creatures vanquished

Notes
Turn   | Place    | Note
-------+----------+-------------------------------------------
     0 | D:1      | Television the Demigod Transmuter began the quest for the Orb.
     0 | D:1      | Reached XP level 1. HP: 15/15 MP: 5/5
    41 | D:1      | Reached skill level 1 in Fighting
   127 | D:1      | Reached skill level 3 in Unarmed Combat
   138 | D:1      | Reached XP level 2. HP: 9/23 MP: 5/7
   143 | D:1      | Learned a level 2 spell: Sticks to Snakes
   649 | D:2      | Noticed an ice beast
   877 | D:2      | Reached XP level 3. HP: 23/28 MP: 8/8
  1566 | D:3      | Found a glowing golden altar of the Shining One.
  1609 | D:3      | Reached skill level 4 in Unarmed Combat
  1741 | D:3      | Found a snail-covered altar of Cheibriados.
  1752 | D:2      | Noticed Robin
  2014 | D:4      | Reached XP level 4. HP: 19/36 MP: 7/9
  2194 | D:4      | Learned a level 3 spell: Spider Form
  2239 | D:4      | Noticed Ymberto's ghost (amateur MiFi)
  3010 | D:4      | Reached XP level 5. HP: 30/41 MP: 10/10
  3457 | D:3      | Found a shimmering altar of Xom.
  3647 | D:5      | Entered Level 5 of the Dungeon
  3647 | D:5      | Noticed a centaur
  3655 | D:5      | Killed a centaur
  3655 | D:5      | Reached skill level 5 in Unarmed Combat
  3987 | D:5      | Noticed an ice beast
  3999 | D:5      | Killed an ice beast
  3999 | D:5      | Reached XP level 6. HP: 48/48 MP: 3/11
  4517 | D:5      | Found a white marble altar of Elyvilon.
  4590 | D:5      | Reached skill level 6 in Unarmed Combat
  4590 | D:5      | Reached XP level 7. HP: 34/55 MP: 12/12
  4958 | D:5      | Reached skill level 5 in Transmutations
  5342 | D:6      | HP: 1/55 [bullfrog (4)]
  5342 | D:6      | Mangled by a centaur

Skill      XL: |  1  2  3  4  5  6  7 |
---------------+----------------------+-----
Fighting       | 1 2 |  2.1
Unarmed Combat | 3 4 5 6 |  6.4
Transmutations | 2 3 4 5 |  5.1
Dodging        | |  1.7
Spellcasting   | |  1.7

Action                   |  1- 3 |  4- 6 |  7- 9 || total
-------------------------+-------+-------+-------++-------
Melee: Unarmed           |   145 |   149 |    40 ||   334
       Headbutt          |     2 |     1 |       ||     3
       Kick              |     4 |       |       ||     4
       Punch             |     2 |     4 |       ||     6
Throw: Tomahawk          |       |       |     2 ||     2
 Cast: Beastly Appendage |     9 |     2 |       ||    11
       Sticks to Snakes  |     2 |     3 |       ||     5
       Spider Form       |       |     5 |     4 ||     9
  Use: Potion            |     1 |       |       ||     1
       Scroll            |     6 |       |       ||     6
 Stab: Sleeping          |     4 |     7 |       ||    11
  Eat: Chunk             |     3 |     5 |     1 ||     9
       Ration            |       |     2 |       ||     2
Armor: Robe              |    38 |     8 |       ||    46
       Skin              |       |     3 |     1 ||     4
Dodge: Dodged            |   126 |   102 |    28 ||   256
